 Dungeon Crawl Stone Soup version 0.18.1-50-g88ac8fd (webtiles) character file.

4389 Gorglomux the Basher (level 10, -6/80 HPs)
             Began as a Formicid Fighter on Oct 29, 2016.
             Was an Elder of Makhleb.
             Mangled by a gargoyle
             ... wielding a +0 mace
              (7 damage)
             ... on level 9 of the Dungeon.
             The game lasted 00:24:13 (7769 turns).

Gorglomux the Basher (Formicid Fighter)             Turns: 7769, Time: 00:24:13

Health: -6/80      AC: 18    Str: 25    XL:     10   Next: 61%
Magic:  13/13      EV:  2    Int:  7    God:    Makhleb [****..]
Gold:   432        SH:  9    Dex: 10    Spells: 0 memorised, 9 levels left

rFire  . . .     SeeInvis +     a - +0 flail
rCold  . . .     Gourm    .     B - +0 crystal plate armour
rNeg   . . .     Faith    .     c - +0 shield
rPois  .         Spirit   .     (helmet unavailable)
rElec  .         Dismiss  .     (no cloak)
rCorr  +         Reflect  .     j - +1 pair of gloves
SustAt .         Harm     .     (no boots)
MR     +....                    (no amulet)
Stlth  ..........               J - ring of resist corrosion
                                u - ring of flight

@: somewhat resistant to hostile enchantments, extremely unstealthy
A: permanent stasis, dig shafts and tunnels, four strong arms, antennae 3
a: Dig, Shaft Self, Minor Destruction, Lesser Servant of Makhleb, Major
Destruction, Renounce Religion, Evoke Flight


You were on level 9 of the Dungeon.
You worshipped Makhleb.
Makhleb was greatly pleased with you.
You were hungry.

You visited 2 branches of the dungeon, and saw 10 of its levels.
You also visited: Ossuary.

You collected 432 gold pieces.

Inventory:

Hand Weapons
 a - a +0 flail (weapon)
Armour
 b - a +0 scale mail
 c - a +0 shield (worn)
 j - a +1 pair of gloves (worn)
 B - a +0 crystal plate armour (worn)
Jewellery
 u - a ring of flight (left hand)
 J - a ring of resist corrosion (right hand)
Wands
 D - a wand of random effects (0/48)
 E - a wand of disintegration (1/24)
 H - a wand of acid (0/15)
Scrolls
 g - 10 scrolls of identify
 h - 2 scrolls of fog {unknown}
 m - a scroll of amnesia {unknown}
 n - 4 scrolls of remove curse
 o - 2 scrolls of enchant armour
 r - a scroll of magic mapping {unknown}
 s - 2 scrolls of immolation {unknown}
 t - a scroll of recharging {unknown}
 v - 2 scrolls of fear {unknown}
 w - a scroll of vulnerability {unknown}
 y - 2 scrolls of enchant weapon {unknown}
Potions
 d - a potion of might
 e - 2 potions of beneficial mutation {unknown}
 i - 2 potions of heal wounds
 k - a potion of cure mutation {unknown}
 q - 2 potions of curing {unknown}
 x - 2 potions of lignification {unknown}
 z - a potion of resistance {unknown}
 A - a potion of flight {unknown}
 F - a potion of cancellation {unknown}
 K - 2 potions of agility {unknown}
Comestibles
 f - 7 bread rations
 l - 7 beef jerkies
 p - 5 meat rations
 C - 8 slices of pizza
 G - 15 chunks of flesh
 I - 6 fruits


   Skills:
 - Level 8.3 Fighting
 * Level 11.5 Maces & Flails
 - Level 3.2 Armour
 - Level 3.6 Shields
 + Level 5.0 Invocations
 + Level 4.7 Evocations


You had 9 spell levels left.
You didn't know any spells.

Dungeon Overview and Level Annotations

Branches:
Dungeon (9/15)             Temple (0/1) D:4            Lair (1/8) D:8
    Orc (0/2) D:9

Altars:
Dithmenos
Elyvilon
Fedhas
Gozag
Kikubaaqudgha
Makhleb
Nemelex Xobeh
Okawaru
Pakellas
Qazlal
Ru
Sif Muna
Xom


Innate Abilities, Weirdness & Mutations

You are under a permanent stasis effect.
You can dig through walls and to a lower floor.
Your four strong arms can wield two-handed weapons with a shield.
You have a pair of large antennae on your head (SInv).


Message History

Press: ? - help, Shift-Dir - straight line, f/p - gargoyle
Aim: a gargoyle, wielding a mace (almost destroyed)
You fail to use your ability.
The gargoyle hits you with a mace.
* * * LOW HITPOINT WARNING * * *
Press: ? - help, Shift-Dir - straight line, f/p - gargoyle
Aim: a gargoyle, wielding a mace (almost destroyed)
The fireball explodes!
The fireball engulfs the gargoyle.
The gargoyle appears unharmed.
The gargoyle is almost destroyed.
The fireball engulfs you!
* * * LOW HITPOINT WARNING * * *
The fireball engulfs the gnoll.
The gnoll is heavily wounded.
You feel somewhat more hungry. The gargoyle hits you with a mace.
* * * LOW HITPOINT WARNING * * *
Zapping:
H - a wand of acid {zapped: 6} (will waste charges)
Press: ? - help, Shift-Dir - straight line, f - gnoll, p - gargoyle
Aim: a gnoll, wielding a halberd (moderately wounded) Nothing appears to happen.
The gargoyle hits you with a mace!
You die...

#..##...........#
#......g.....##.#
...S..g#####g...#
..###.# #..###
.<. #..# .># #..#
### #..#
##########..#
.......@9gg.#
###########.# .#
.# .# .# .#


You could see a gargoyle and 2 gnolls.

Vanquished Creatures
  A ghost crab (D:8)
  Grinder (D:6)
  A hog (D:7)
  A human (D:7)
  6 yaks (D:9)
  A hippogriff (D:6)
  Menkaure (D:6)
  A water moccasin (D:5)
  A black bear (D:7)
  An orc warrior (D:8)
  An ice beast (D:8)
  2 phantoms
  An ogre (D:8)
  2 centaurs
  3 giant frogs (D:6)
  2 howler monkeys (D:7)
  4 crimson imps
  A quasit (D:5)
  2 jellies (D:6)
  2 hounds
  A giant frog skeleton (D:6)
  3 iguanas
  6 orc wizards
  7 worker ants
  Terence (D:3)
  A killer bee zombie (D:6)
  3 sheep (D:7)
  A hound zombie (D:8)
  2 hound skeletons
  6 gnolls
  7 adders
  2 shadow imps
  An ooze (D:2)
  An adder zombie (Ossuary)
  An adder skeleton (D:4)
  A worm (D:4)
  5 dart slugs
  11 giant geckos
  14 orcs
  A bat zombie (D:7)
  8 giant cockroaches
  4 goblins
  7 hobgoblins
  4 jackals
  9 kobolds
  2 quokkas
  4 ball pythons
  4 bats
  A giant gecko skeleton (D:4)
  7 giant newts
  A gnoll zombie (Ossuary)
  A hobgoblin zombie (Ossuary)
  A jackal skeleton (D:7)
  A jackal zombie (D:6)
  A kobold zombie (Ossuary)
  2 orc zombies (Ossuary)
  A rat (D:1)
168 creatures vanquished.

Vanquished Creatures (collateral kills)
  An orc priest (D:8)
1 creature vanquished.

Vanquished Creatures (others)
  A sky beast (D:5)
  A kobold zombie (Ossuary)
2 creatures vanquished.

Grand Total: 171 creatures vanquished

Notes
Turn   | Place    | Note
--------------------------------------------------------------
     0 | D:1      | Gorglomux the Formicid Fighter began the quest for the Orb.
     0 | D:1      | Reached XP level 1. HP: 18/18 MP: 1/1
   158 | D:1      | Reached XP level 2. HP: 21/24 MP: 2/2
   271 | D:1      | Reached skill level 3 in Maces & Flails
   271 | D:1      | Reached XP level 3. HP: 23/29 MP: 3/3
   838 | D:2      | Found a shadowy altar of Dithmenos.
  1021 | D:2      | Reached XP level 4. HP: 37/37 MP: 4/4
  1217 | D:2      | Found a burning altar of Makhleb.
  1224 | D:2      | Became a worshipper of Makhleb the Destroyer
  1523 | D:2      | Found a stormy altar of Qazlal.
  1911 | D:3      | Noticed Terence
  1930 | D:3      | Killed Terence
  1930 | D:3      | Reached skill level 4 in Maces & Flails
  1930 | D:3      | Reached XP level 5. HP: 25/43 MP: 5/5
  1942 | D:3      | Reached * piety under Makhleb
  2174 | D:3      | Found an oddly glowing altar of Pakellas.
  2428 | D:3      | Found a blossoming altar of Fedhas.
  2429 | D:3      | Found a deep blue altar of Sif Muna.
  2430 | D:3      | Found a sparkling altar of Nemelex Xobeh.
  2431 | D:3      | Found a sacrificial altar of Ru.
  2589 | D:4      | Found a staircase to the Ecumenical Temple.
  2724 | D:4      | Reached XP level 6. HP: 48/49 MP: 6/6
  2747 | D:4      | Noticed a phantom
  2793 | D:4      | Killed a phantom
  2793 | D:4      | Reached skill level 5 in Fighting
  2793 | D:4      | Reached skill level 5 in Maces & Flails
  3722 | D:5      | Entered Level 5 of the Dungeon
  3748 | D:5      | Found a sand-covered staircase.
  3802 | D:5      | Reached ** piety under Makhleb
  3852 | Ossuary  | Entered an ossuary
  3873 | Ossuary  | Noticed ololoev's ghost (novice DsBe)
  4233 | D:5      | Noticed a water moccasin
  4240 | D:5      | Killed a water moccasin
  4240 | D:5      | Reached skill level 6 in Maces & Flails
  4240 | D:5      | Reached XP level 7. HP: 52/56 MP: 7/7
  4762 | D:6      | Reached skill level 7 in Maces & Flails
  4840 | D:6      | Reached XP level 8. HP: 43/64 MP: 8/8
  5015 | D:6      | Reached skill level 8 in Maces & Flails
  5298 | D:6      | Noticed Grinder
  5298 | D:6      | Noticed Menkaure
  5306 | D:6      | Found an opulent altar of Gozag.
  5334 | D:6      | Killed Grinder
  5334 | D:6      | Reached XP level 9. HP: 69/72 MP: 9/9
  5350 | D:6      | Killed Menkaure
  5350 | D:6      | Reached skill level 9 in Maces & Flails
  5352 | D:6      | Reached *** piety under Makhleb
  5840 | D:7      | Found an ancient bone altar of Kikubaaqudgha.
  5892 | D:7      | Found an iron altar of Okawaru.
  6023 | D:7      | Found an iron altar of Okawaru.
  6096 | D:7      | Reached skill level 10 in Maces & Flails
  6213 | D:7      | Reached skill level 1 in Invocations
  6310 | D:7      | Reached skill level 1 in Evocations
  6698 | D:8      | Found a staircase to the Lair.
  6705 | Lair:1   | Entered Level 1 of the Lair of Beasts
  6740 | D:8      | Found a white marble altar of Elyvilon.
  7224 | D:8      | Reached XP level 10. HP: 80/80 MP: 10/12
  7279 | D:8      | Noticed a manticore
  7283 | D:8      | Noticed a ghost crab
  7283 | D:8      | a manticore changed into a ghost crab
  7413 | D:8      | Found a shimmering altar of Xom.
  7546 | D:8      | Killed a ghost crab
  7546 | D:8      | Reached skill level 11 in Maces & Flails
  7719 | D:9      | Reached skill level 5 in Invocations
  7734 | D:9      | Found a staircase to the Orcish Mines.
  7734 | D:9      | Noticed a gargoyle
  7750 | D:9      | Reached **** piety under Makhleb
  7768 | D:9      | HP: 1/80 [gargoyle/mace (5)]
  7769 | D:9      | Mangled by a gargoyle

Skill      XL: |  1  2  3  4  5  6  7  8  9 10 |
---------------+-------------------------------+-----
Maces & Flails | 3 4 6 7 8 10 11 | 11.5
Fighting       | 4 5 6 7 8 |  8.3
Invocations    | 2 5 |  5.0
Evocations     | 2 4 |  4.7
Armour         | |  3.2
Shields        | |  3.6

Action                   |  1- 3 |  4- 6 |  7- 9 | 10-12 || total
-------------------------+-------+-------+-------+-------++-------
Melee: Flail             |   122 |   234 |   322 |   117 ||   795
Invok: Lesser Servant of |       |       |     2 |       ||     2
       Minor Destruction |       |       |       |     6 ||     6
       Major Destruction |       |       |       |     1 ||     1
 Abil: Dig               |     1 |     9 |     4 |       ||    14
Evoke: Wand              |       |       |     5 |     8 ||    13
  Use: Scroll            |       |     4 |       |       ||     4
       Potion            |       |       |     1 |       ||     1
  Eat: Chunk             |     1 |    11 |    10 |     2 ||    24
Armor: Scale mail        |    55 |    94 |    86 |       ||   235
       Crystal plate arm |       |       |    81 |    70 ||   151
Dodge: Dodged            |    44 |    54 |    52 |     2 ||   152
Block: Shield            |    76 |   109 |   126 |    50 ||   361
